 Dungeon Crawl Stone Soup version 0.22-a0-425-g89d60a1 (webtiles) character file.

236 KristoblXynda the Chopper (level 5, 0/69 HPs)
             Began as a Deep Dwarf Fighter on May 24, 2018.
             Slain by a worker ant (2 damage)
             ... on level 4 of the Dungeon.
             The game lasted 00:04:21 (1924 turns).

KristoblXynda the Chopper (Deep Dwarf Fighter)      Turns: 1924, Time: 00:04:22

Health: 0/69       AC: 22    Str: 20    XL:     5   Next: 77%
Magic:  5/5        EV:  2    Int:  9    God:
Gold:   115        SH:  9    Dex: 12    Spells: 4/4 levels left

rFire    + . .     SeeInvis .   a - +0 war axe
rCold    . . .     Gourm    .   c - +0 shield
rNeg     + + +     Faith    .   (armour currently unavailable)
rPois    +         Spirit   .   (helmet currently unavailable)
rElec    .         Reflect  .   (cloak currently unavailable)
rCorr    .         Harm     .   (gloves currently unavailable)
MR       .....     NoTele   +   (boots currently unavailable)
Stlth    +.........             (no amulet)
HPRegen  0.00/turn              p - ring of wizardry
MPRegen  0.09/turn              s - ring of protection from fire

@: lethally poisoned (0 -> 0), tree-form, non-regenerating
A: damage resistance, heal wounds, sense surroundings 1, no regeneration
a: Heal Wounds


You were on level 4 of the Dungeon.
You were not hungry.
You were a tree.
You visited 1 branch of the dungeon, and saw 4 of its levels.

You collected 115 gold pieces.

Inventory:

Hand Weapons
 a - a +0 war axe (weapon)
Armour
 b - a +0 scale mail (melded)
 c - a +0 shield (worn)
 r - a +0 pair of boots (melded)
Jewellery
 p - a ring of wizardry (left branch)
 s - a ring of protection from fire (right branch)
Scrolls
 j - a scroll of fear {unknown}
 l - a scroll of noise {unknown}
 m - a scroll of remove curse {unknown}
 n - 4 scrolls of fog
 u - 2 scrolls of teleportation {unknown}
Potions
 d - a potion of might
 g - a potion of haste {unknown}
 h - a potion of berserk rage {unknown}
 i - a potion of invisibility {unknown}
 k - a potion of brilliance {unknown}
 q - a potion of flight {unknown}
Comestibles
 f - 7 rations
 o - 5 chunks of flesh


   Skills:
 - Level 2.6 Fighting
 * Level 5.0 Axes
 + Level 4.5 Armour
 + Level 4.5 Shields


You had 4 spell levels left.
You didn't know any spells.
Your spell library contained the following spells:

 Spells                   Type           Power        Failure   Level  Hunger
 Apportation              Tloc           #.....       50%         1    ##.....
 Summon Small Mammal      Summ           #...         50%         1    ##.....
 Animate Skeleton         Necr           N/A          50%         1    ##.....
 Confusing Touch          Hex            #.....       50%         1    ##.....


Dungeon Overview and Level Annotations

Branches:
Dungeon (4/15)
 Temple: D:4-7

Altars:
Elyvilon
Wu Jian
Zin


Innate Abilities, Weirdness & Mutations

You are resistant to damage.
You can heal yourself by infusing magical energy.
You passively map a small area around you.
You do not regenerate.


Message History

Your roots penetrate the ground.
You block the worker ant's attack.
It was a potion of magic.
Magic courses through your body. The worker ant bites you.
* * * LOW HITPOINT WARNING * * *
You block the worker ant's attack.
Unknown command.
Okay, then.
You closely miss the worker ant.
The worker ant bites you but does no damage.
You hit the worker ant.
The worker ant is moderately wounded.
You block the worker ant's attack. The worker ant bites you.
You slash the worker ant!
The worker ant is almost dead.
You block the worker ant's attack.
The worker ant bites you but does no damage.
You barely miss the worker ant.
The worker ant is almost dead.
The worker ant bites you.
You die...

### * ** * ..# ,*
#.# , * , * * * *
#.# * #.# #.# #.#
######### #.#
#.....).# #♣#
#.....#.# #a#
#.....#.# #.#
##....#.# #.#
##....#.# #.#
##....#.########.##
....###...........##
......###########..#
....♣♣≈# ≈♣#.#


You could see a worker ant.

Vanquished Creatures
  An orc wizard (D:4)
  An orc priest (D:4)
  Natasha (twice) (D:3)
  A worker ant (D:3)
  6 adders
  An ooze (D:3)
  A leopard gecko (D:1)
  3 orcs
  3 giant cockroaches
  7 goblins
  4 hobgoblins
  3 jackals (D:3)
  A ball python (D:3)
  6 bats
  A frilled lizard (D:2)
  4 kobolds
  4 rats
49 creatures vanquished.

Notes
Turn   | Place    | Note
-------+----------+-------------------------------------------
     0 | D:1      | KristoblXynda the Deep Dwarf Fighter began the quest for the Orb.
     0 | D:1      | Reached XP level 1. HP: 20/20 MP: 1/1
   302 | D:1      | Reached XP level 2. HP: 24/27 MP: 2/2
   632 | D:2      | Reached skill level 3 in Axes
   652 | D:2      | Reached XP level 3. HP: 21/33 MP: 3/3
   725 | D:2      | Found a glowing silver altar of Zin.
   789 | D:2      | Found a white marble altar of Elyvilon.
  1178 | D:2      | Reached XP level 4. HP: 13/40 MP: 4/4
  1346 | D:3      | Reached skill level 4 in Axes
  1475 | D:3      | Noticed Natasha
  1497 | D:3      | Killed Natasha
  1497 | D:3      | Reached XP level 5. HP: 15/46 MP: 5/5
  1732 | D:3      | Found an ornate altar of the Wu Jian Council.
  1786 | D:3      | Noticed Natasha
  1791 | D:3      | Killed Natasha
  1872 | D:4      | Reached skill level 5 in Axes
  1917 | D:4      | HP: 2/46 [worker ant (3)]
  1924 | D:4      | Slain by a worker ant

Vault maps used:
D:1:      eino_arrival_water_cross
D:2:      overflow_temple_1_default, zin_academy, first_ration
D:3:      lemuel_round_altar, uniq_natasha
D:4:      lemuel_round_altar, serial_bayou_lagoon_b

Skill      XL: |  1  2  3  4  5 |
---------------+----------------+-----
Axes           | 3 4 5 |  5.0
Armour         | 4 |  4.5
Shields        | 4 |  4.5
Fighting       | |  2.6

Action                   |  1- 3 |  4- 6 || total
-------------------------+-------+-------++-------
Melee: War axe           |   106 |    77 ||   183
  Use: Scroll            |       |     3 ||     3
       Potion            |       |     4 ||     4
  Eat: Chunk             |     1 |     3 ||     4
Armor: Scale mail        |    61 |    33 ||    94
       Skin              |       |     2 ||     2
Dodge: Dodged            |    39 |    27 ||    66
Block: Shield            |    67 |    53 ||   120

Table legend:
 A = Spawn XP
 B = Non-spawn XP
 C = Spawn XP percentage of total XP
 D = Spawn monster count
 E = Non-spawn monster count
 F = Spawn count percentage of total count
 G = Total turns spent on level
                    A         B        C        D         E        F      G
               +---------+---------+-------+---------+---------+-------+---------
         Total |       0 |     338 |   0.0 |       0 |      49 |   0.0 |  1924
               +---------+---------+-------+---------+---------+-------+---------
           D:1 |       0 |      22 |   0.0 |       0 |      13 |   0.0 |   621
           D:2 |       0 |      86 |   0.0 |       0 |      19 |   0.0 |   675
           D:3 |       0 |     142 |   0.0 |       0 |      13 |   0.0 |   538
           D:4 |       0 |      88 |   0.0 |       0 |       4 |   0.0 |    90
               +---------+---------+-------+---------+---------+-------+---------
